 Dungeon Crawl Stone Soup version 0.21.1-1-g345015fe64 (webtiles) character file.

548 Gargoyl the Skirmisher (level 7, 0/60 HPs)
             Began as a Centaur Abyssal Knight on June 30, 2018.
             Was a Priest of Lugonu.
             Slain by a jackal (1 damage)
             ... on level 4 of the Dungeon.
             The game lasted 00:06:34 (3095 turns).

Gargoyl the Skirmisher (Centaur Abyssal Knight)     Turns: 3095, Time: 00:06:35

Health: 0/60       AC: 12    Str: 15    XL:     7   Next: 7%
Magic:  8/10       EV:  6    Int: 11    God:    Lugonu [***...]
Gold:   148        SH:  0    Dex: 10    Spells: 6/6 levels left

rFire    . . .     SeeInvis .   a - +1 hand axe
rCold    . . .     Gourm    .   (no shield)
rNeg     . . .     Faith    .   h - +0 ring mail
rPois    .         Spirit   .   f - +0 helmet
rElec    .         Reflect  .   (no cloak)
rCorr    .         Harm     .   (no gloves)
MR       +....                  b - +1 centaur barding
Stlth    ..........             (no amulet)
HPRegen  0.20/turn              i - ring of protection from magic
MPRegen  0.12/turn              (no ring)

@: drained, very quick
A: large, hooves 3, deformed body, speed 2, tough skin 3
a: Depart the Abyss, Bend Space, Banish, Renounce Religion


You were on level 4 of the Dungeon.
You worshipped Lugonu.
Lugonu was most pleased with you.
You were hungry.

You visited 1 branch of the dungeon, and saw 4 of its levels.
You visited the Abyss 1 time.

You collected 148 gold pieces.

Inventory:

Hand Weapons
 a - a +1 hand axe (weapon)
Missiles
 e - 8 javelins (quivered)
Armour
 b - a +1 centaur barding (worn)
 f - a +0 helmet (worn)
 h - a +0 ring mail (worn)
Jewellery
 i - a ring of protection from magic (left hand)
Scrolls
 g - a scroll of amnesia
 n - 4 scrolls of identify
Potions
 d - a potion of heal wounds {unknown}
 k - 2 potions of magic
 m - 2 potions of resistance
Comestibles
 c - 4 rations


   Skills:
 + Level 4.4(3.3) Fighting
 + Level 3.9(2.9) Axes
 * Level 3.0(2.0) Armour
 + Level 1.7(0.8) Dodging
 * Level 4.1(3.0) Invocations


You had 6 spell levels left.
You didn't know any spells.

Dungeon Overview and Level Annotations

Branches:
Dungeon (4/15)
 Temple: D:4-7

Altars:
Nemelex Xobeh

Annotations:
D:4 Dowan


Innate Abilities, Weirdness & Mutations

You have hooves in place of feet.
Armour fits poorly on your strangely shaped body.
You cover ground very quickly.
You have extremely tough skin. (AC +3)


Message History

Dowan seems to find hidden reserves of power!
Your base Armour skill increases to level 3!
Your base Invocations skill increases to level 4!
You have reached level 7!
You completely miss the jackal.
The jackal bites you but does no damage.
Dowan casts a spell.
Dowan blinks!
The jackal bites you but does no damage.
You barely miss the jackal.
The jackal is heavily wounded.
Dowan zaps a wand.
The puff of flame hits you!
It is a wand of flame (14).
The jackal barely misses you.
The jackal bites you but does no damage.
Unknown command.
Dowan points at you and mumbles some strange words.
The shard of ice hits you!
* * * LOW HITPOINT WARNING * * *
The jackal bites you.
You die...

######+###
.........#
....e....#
.......@.#
...##.h..#
#########'##
...........#
...........+
.......<...#
############


You could see Dowan and a jackal.

Vanquished Creatures
  Grinder (D:3)
  Duvessa (D:4)
  A vampire bat (D:3)
  5 adders
  An ooze (D:3)
  6 worms
  2 dart slugs (D:1)
  3 fire bats (D:3)
  2 leopard geckos
  2 spectral bats (D:3)
  3 bat skeletons (D:3)
  A bat zombie (D:3)
  4 giant cockroaches
  11 goblins
  10 hobgoblins
  A jackal (D:4)
  2 quokkas (D:2)
  13 bats
  A bat simulacrum (D:3)
  7 frilled lizards
  6 kobolds
  5 rats
88 creatures vanquished.

Notes
Turn   | Place    | Note
-------+----------+-------------------------------------------
     0 | Abyss:1  | Gargoyl the Centaur Abyssal Knight began the quest for the Orb.
     0 | Abyss:1  | Reached XP level 1. HP: 19/19 MP: 2/2
    25 | Abyss:2  | Noticed an orange demon
    47 | Abyss:2  | Noticed a hell hog
    48 | Abyss:2  | Found an opulent altar of Gozag.
    53 | D:1      | Escaped the Abyss
   277 | D:1      | Reached * piety under Lugonu
   277 | D:1      | Reached XP level 2. HP: 17/26 MP: 3/3
   865 | D:1      | Reached XP level 3. HP: 30/33 MP: 5/5
  1397 | D:2      | Reached ** piety under Lugonu
  1403 | D:2      | Reached XP level 4. HP: 35/40 MP: 6/6
  1799 | D:3      | Noticed Grinder
  1836 | D:3      | Killed Grinder
  1836 | D:3      | Reached skill level 1 in Dodging
  1836 | D:3      | Reached XP level 5. HP: 9/46 MP: 7/7
  1836 | D:3      | Reached XP level 6. HP: 10/52 MP: 8/8
  2442 | D:3      | Found a sparkling altar of Nemelex Xobeh.
  2778 | D:3      | Reached *** piety under Lugonu
  3083 | D:4      | Noticed Duvessa
  3084 | D:4      | Noticed Dowan
  3093 | D:4      | Killed Duvessa
  3093 | D:4      | Reached XP level 7. HP: 33/60 MP: 8/10
  3095 | D:4      | HP: 1/60 [Dowan/shard of ice (25)]
  3095 | D:4      | Slain by a jackal

Skill      XL: |  1  2  3  4  5  6 |
---------------+-------------------+-----
Axes           | 2 3 |  3.9
Invocations    | 3 4 |  4.1
Armour         | 2 3 |  3.0
Fighting       | 4 |  4.4
Dodging        | 1 |  1.7

Action                   |  1- 3 |  4- 6 |  7- 9 || total
-------------------------+-------+-------+-------++-------
Melee: Hand axe          |   107 |   158 |     1 ||   266
       Kick              |    12 |    35 |       ||    47
Invok: Depart the Abyss  |     1 |       |       ||     1
  Use: Scroll            |     3 |     6 |       ||     9
       Potion            |       |     4 |       ||     4
  Eat: Chunk             |     1 |     4 |       ||     5
Armor: Leather armour    |     5 |       |       ||     5
       Ring mail         |    59 |   188 |     3 ||   250
       Skin              |       |     1 |       ||     1
Dodge: Dodged            |    43 |    65 |     1 ||   109
